Map: Torres Crepusculares

Players

Porkage

  • Race: Protoss Protoss
  • League: Master

Naga - Winner!

  • Race: Protoss Protoss
  • League: Diamond

VOD

Have the link to the VOD?

Description

Time

  • Played on: March 18, 2016, 1:31 p.m.
  • Length: 6:51
Show
View Real Time Build Order
Export as new Build Order

Porkage Protoss 

Build Orders: 1 Gate Expand 

Get SALT Encoding   

  12  0:01  Probe (Chrono Boost)  
  13  0:11  Probe (Chrono Boost)  
  14  0:17  Pylon  
  14  0:22  Probe (Chrono Boost)  
  15  0:37  Gateway, Probe (Chrono Boost)  
  16  0:45  Assimilator  
  16  0:49  Probe (Chrono Boost)  
  17  0:59  Probe (Chrono Boost)  
  18  1:10  Probe (Chrono Boost)  
  19  1:21  Probe (Chrono Boost)  
  20  1:28  Nexus  
  20  1:35  Cybernetics Core  
  20  1:46  Assimilator  
  20  1:53  Probe (Chrono Boost)  
  21  2:04  Probe (Chrono Boost)  
  22  2:18  Pylon, Warp Gate (Chrono Boost)  
  22  2:28  Robotics Facility  
  22  2:36  Mothership Core  
  24  2:39  Stalker (Chrono Boost)  
  26  2:46  Gateway  
  26  2:49  Probe  
  27  2:57  Probe  
  28  2:59  Probe  
  29  3:09  Probe  
  29  3:10  Probe  
  31  3:17  Immortal (Chrono Boost)  
  33  3:27  Gateway  
  27  3:41  Stalker (Chrono Boost)  
  20  4:15  Immortal  
  17  4:31  Probe x2  
  19  4:43  Probe x2  
  18  5:00  Probe x2  
  20  5:12  Probe x2  
  22  5:24  Probe  
  23  5:28  Zealot  
  23  5:32  Zealot x2  
  28  5:37  Probe x2  
  24  5:59  Zealot x3  
  24  6:03  Probe  
  19  6:25  Stalker  
Show
View Real Time Build Order
Export as new Build Order

Naga Protoss - Winner!

Build Orders:  

Get SALT Encoding   

  12  0:01  Probe (Chrono Boost)  
  13  0:11  Probe (Chrono Boost)  
  14  0:20  Pylon  
  14  0:22  Probe (Chrono Boost)  
  15  0:38  Probe (Chrono Boost)  
  15  0:40  Gateway  
  16  0:49  Probe (Chrono Boost)  
  17  0:54  Assimilator  
  17  0:57  Assimilator  
  17  0:59  Probe (Chrono Boost)  
  18  1:10  Probe (Chrono Boost)  
  19  1:12  Gateway  
  19  1:20  Probe (Chrono Boost)  
  20  1:29  Cybernetics Core  
  20  1:31  Probe (Chrono Boost)  
  21  1:41  Probe (Chrono Boost)  
  22  1:47  Pylon  
  22  2:05  Stalker (Chrono Boost)  
  22  2:07  Mothership Core (Chrono Boost)  
  26  2:15  Pylon  
  26  2:19  Warp Gate  
  26  2:21  Stalker (Chrono Boost)  
  28  2:36  Stalker (Chrono Boost)  
  32  2:51  Stalker (Chrono Boost)  
  32  3:02  Stalker (Chrono Boost)  
  34  3:12  Pylon  
  36  3:21  Stalker (Chrono Boost)  
  36  3:28  Stalker (Chrono Boost), Pylon  
  40  3:51  Stalker (Chrono Boost)  
  40  3:54  Stalker (Chrono Boost), Pylon  
  36  4:20  Stalker (Chrono Boost)  
  36  4:21  Stalker (Chrono Boost)  
  32  4:45  Mothership Core  
  34  4:46  Stalker (Chrono Boost)  
  34  4:51  Stalker (Chrono Boost)  
  36  5:12  Stalker (Chrono Boost)  
  39  5:21  Stalker (Chrono Boost)  
  39  5:38  Stalker (Chrono Boost)  
  41  5:51  Stalker (Chrono Boost)  
Tags
 
Add a new tag
Caveats
  • Supply blocks, unpowered buildings, or Contaminate may cause inaccurate times.
  • Supply counts are checked every 10 seconds.